AoeStats
← LoneStarLegion

Arena

505698276Analyzed
1v1 RM · 20d ago on Sep 10, 2026· 47m 33s· 2 players
Game mode
Random Map
Map size
Tiny (2 player)
Population
200
Speed
Normal
Resources
Standard
Victory
Conquest
Starting age
Dark Age
Ending age
Imperial Age
RankedLock teamsTeams togetherTeam positionsShared explorationLock speedFull tech treeHidden civsTurbo modeCheats
Victory
Defeat
🇮🇳 Khmer · India
752
+17
🇺🇸 Lithuanians · United States
763
-17
spartanking
7:33 Loom
12:29 Feudal Age
15:51 Castle Age
14:08 Double-Bit Axe
15:18 Stone Mining
15:34 Gold Mining
23:30 Pikeman
31:25 Imperial Age
28:41 Horse Collar
29:13 Bow Saw
30:36 Husbandry
32:09 Gold Shaft Mining
32:10 Stone Shaft Mining
32:44 Conscription
32:59 Forging
32:50 Scale Mail Armor
33:40 Ballistics
34:34 Halberdier
38:13 Bloodlines
37:26 Light Cavalry
37:50 Elite Ballista Elephant
42:34 Iron Casting
42:15 Chain Mail Armor
42:06 Scale Barding Armor
42:01 Padded Archer Armor
41:51 Fletching
43:31 Heavy Plow
43:01 Heavy Scorpion
47:46 Chain Barding Armor
48:27 Blast Furnace
47:17 Fletching
47:42 Leather Archer Armor
48:31 Chemistry
LoneStarLegion
10:34 Feudal Age
12:18 Wheelbarrow
15:10 Castle Age
13:40 Horse Collar
14:01 Double-Bit Axe
18:56 Light Cavalry
19:47 Bloodlines
19:38 Husbandry
28:14 Gold Mining
28:16 Stone Mining
28:28 Heavy Plow
28:42 Bow Saw
29:53 Hand Cart
29:24 Loom
29:56 Forging
29:51 Scale Barding Armor
29:48 Scale Mail Armor
30:56 Stone Shaft Mining
31:12 Elite Skirmisher
31:13 Crossbowman
32:08 Squires
31:35 Pikeman
33:08 Thumb Ring
34:01 Ballistics
33:57 Fortified Wall
34:10 Town Watch
35:48 Fletching
35:59 Padded Archer Armor
36:36 Iron Casting
36:22 Chain Barding Armor
36:19 Chain Mail Armor
41:05 Fervor
41:18 Sanctity
41:53 Town Patrol
47:17 Imperial Age
46:34 Leather Archer Armor
46:14 Bodkin Arrow
Connection lost

Rejoining the realm…

Still unreachable

The connection could not be restored.

Session expired

The server has moved on; the page needs a fresh start.